 Dungeon Crawl Stone Soup version 0.30-a0-49-g1cef19eb02 (webtiles) character file.

Game seed: 6216815806627079993

7 MrFrogsmire the Caller (level 1, 0/7 HPs)
             Began as a Felid Summoner on Sept 3, 2022.
             Slain by a phantom (7 damage)
             ... on level 5 of the Dungeon.
             The game lasted 00:02:44 (512 turns).

MrFrogsmire the Caller (Felid Summoner)              Turns: 512, Time: 00:02:45

Health: 0/7        AC:  1    Str:  4    XL:     1   Next: 91%
Magic:  0/4        EV: 17    Int: 16    God:
Gold:   29         SH:  0    Dex: 16    Spells: 3/4 levels left
                                        Lives:  0   Deaths: 0

rFire   . . .      SeeInvis +    (weapon unavailable)
rCold   . . .      Faith    .    (shield unavailable)
rNeg    . . .      Spirit   +    (body armour unavailable)
rPois   .          Reflect  .    (helmet unavailable)
rElec   .          Harm     .    (cloak unavailable)
rCorr   .          Rampage  .    (gloves unavailable)
Will    .....                    (boots unavailable)
Stlth   ++........               d - amulet of guardian spirit
HPRegen 0.02/turn                (no ring)
MPRegen 0.09/turn                (no ring)

@: quick
A: very small, claws 1, fangs 3, see invisible, speed 1, shaggy fur 1, stealthy
paws, no weapons or thrown items, no armour, multi-lived
a: no special abilities


You were on level 5 of the Dungeon.
You visited 1 branch of the dungeon, and saw 4 of its levels.

You collected 29 gold pieces.

Inventory:

Hand Weapons
 c - a +0 short sword
Jewellery
 b - an amulet of guardian spirit
 d - an amulet of guardian spirit (around neck)
Scrolls
 e - 2 scrolls of torment {unknown}
Potions
 a - a potion of magic


   Skills:
 + Level 2.8 Dodging
 + Level 2.6 Stealth
 + Level 2.2 Spellcasting
 + Level 4.2 Summonings


You had 3 spell levels left.
You knew the following spells:

 Your Spells              Type           Power      Damage    Failure   Level
a - Summon Small Mammal   Summ           60%        N/A       3%          1

Your spell library contained the following spells:

 Spells                   Type           Power      Damage    Failure   Level
 Call Imp                 Summ           15%        N/A       5%          2
 Call Canine Familiar     Summ           15%        N/A       11%         3
 Summon Guardian Golem    Hex/Summ       8%         N/A       26%         3
 Summon Lightning Spire   Summ/Air       8%         N/A       63%         4


Dungeon Overview and Level Annotations

Branches:
Dungeon (2/15)

Altars:


Innate Abilities, Weirdness & Mutations

You have sharp claws.
You have razor-sharp teeth.
You have supernaturally acute eyesight. (SInv)
You cover ground quickly. (Speed+)
You are covered in fur. (AC +1)
Your paws help you pounce on unaware monsters.
You are incapable of wielding weapons or throwing items.
You cannot wear armour.
You gain extra lives every three experience levels.


Message History

The endoplasm dies!
You swap places.
Your rat disappears in a puff of smoke!
You swap places.
You swap places.
You swap places.
You swap places.
Your quokka disappears in a puff of smoke!
You see here a ball python corpse.
There is a stone staircase leading up here.
There is a stone staircase leading up here.
There is a stone staircase leading up here.
There is a stone staircase leading up here.
There is a stone staircase leading up here.
There is a stone staircase leading up here.
There is a stone staircase leading up here.
There is a stone staircase leading up here.
You open the door.
There is an open door here.
There is a shaft here.
You fall into a shaft and drop 2 floors!
The shaft crumbles and collapses.
Found an orange potion.
There is a shaft here.
You fall into a shaft and drop 1 floor!
The shaft crumbles and collapses.
A phantom comes into view.
Found a viscous red potion.
You miscast Summon Small Mammal.
You are very lightly contaminated with residual magic.
Nothing appears to happen.
Your bat disappears in a puff of smoke!
You swap places.
The phantom closely misses you.
You are out of magic!
Your rat barely misses the phantom.
Your magical contamination has completely faded away.
You swap places.
The phantom hits you!
Ouch! That really hurt!
You die...

### .. . ..
###.# .###...
##.#.. #.!.#
#.W.##### .# .
#.r@#...#..#
#.###.#r....#
##...###...##
#.....#ยง###.#
..#...#...# .#
. #####...# #
#...# .#
#.....#.###.#
##...###...##


You could see a phantom (ally target) and 2 friendly rats.

Vanquished Creatures
  An endoplasm (D:1)
  A kobold (D:1)
2 creatures vanquished.

Vanquished Creatures (collateral kills)
  An endoplasm (D:2)
  2 goblins
  A ball python (D:2)
  A frilled lizard (D:2)
5 creatures vanquished.

Grand Total: 7 creatures vanquished

Notes
Turn   | Place    | Note
-------+----------+-------------------------------------------
     0 | D:1      | MrFrogsmire the Felid Summoner began the quest for the Orb.
     0 | D:1      | Reached XP level 1. HP: 7/7 MP: 4/4
   490 | D:2      | You fall into a shaft and drop 2 floors!
   495 | D:4      | You fall into a shaft and drop 1 floor!
   495 | D:5      | Entered Level 5 of the Dungeon
   502 | D:5      | Noticed a phantom
   512 | D:5      | Slain by a phantom

Illustrated notes

Levels and vault maps discovered:
D:1:      matt_arrival_grand_opening, layout_basic
D:2:      layout_basic, kennysheep_generic_room_15, uniq_jessica
D:4:      layout_basic, lemuel_zombie_altar_yredelemnul, kennysheep_little_box
D:5:      nicolae_cairo_tiling, layout_rooms

Action                   || total
-------------------------++-------
Melee: Unarmed           ||     3
 Cast: Summon Small Mamm ||    23
Armor: Skin              ||     1
Dodge: Dodged            ||     6

Table legend: (Time is in decaauts)
 A = Elapsed time spent in this place.
 B = Non-inter-level travel time spent in this place.
 C = Inter-level travel time spent in this place.
 D = Time resting spent in this place.
 E = Time spent auto-exploring this place.
 F = Levels seen in this place.
 G = Mean time per level.
                   A        B        C        D        E       F      G
               +--------+--------+--------+--------+--------+-----+--------+
         Total |    418 |    323 |     95 |      0 |      0 |   4 |  104.5 |
       Dungeon |    418 |    323 |     95 |      0 |      0 |   4 |  104.5 |
               +--------+--------+--------+--------+--------+-----+--------+

Top non-repeatable levels by time:
     D:1: 266 daAuts
     D:2: 133 daAuts
     D:5: 14 daAuts
     D:4: 3 daAuts
